 Dungeon Crawl Stone Soup version 0.25.0-9-g26727b657a (webtiles) character file.

Game seed: 15038493149645953325

13873 mopl the Severer (level 12, -2/95 HPs)
             Began as a Hill Orc Skald on June 16, 2020.
             Was a Priest of Beogh.
             Killed from afar by an orc sorcerer (19 damage)
             ... with a bolt of negative energy
             ... while paralysed by an orc sorcerer
             ... on level 1 of the Orcish Mines.
             The game lasted 00:23:48 (12935 turns).

mopl the Severer (Hill Orc Skald)                  Turns: 12935, Time: 00:23:49

Health: -2/95      AC: 17    Str: 19    XL:     12   Next: 10%
Magic:  18/18      EV:  2    Int: 13    God:    Beogh [***...]
Gold:   439        SH:  0    Dex: 10    Spells: 10/14 levels left

rFire    . . .     SeeInvis .   a - +4 battleaxe (freeze) (curse)
rCold    . . .     Gourm    .   (shield currently unavailable)
rNeg     . . .     Faith    .   r - +0 plate armour
rPois    .         Spirit   .   D - +0 helmet
rElec    .         Reflect  .   z - +0 cloak
rCorr    .         Harm     .   u - +2 pair of gloves
MR       +....                  (no boots)
Stlth    ..........             F - amulet of the acrobat
HPRegen  0.25/turn              J - +4 ring of evasion
MPRegen  0.16/turn              y - ring of protection from magic

@: paralysed, marked, lightly drained
A: no striking features
a: Smiting, Renounce Religion


You were on level 1 of the Orcish Mines.
You worshipped Beogh.
Beogh was most pleased with you.
You were not hungry.

You visited 2 branches of the dungeon, and saw 12 of its levels.
You also visited: Ossuary.

You collected 901 gold pieces.
You spent 462 gold pieces at shops.

Inventory:

Hand Weapons
 a - a cursed +4 battleaxe of freezing (weapon)
 O - a +2 battleaxe of freezing
Missiles
 j - 9 boomerangs
 n - 5 throwing nets
 o - 15 javelins
 s - 44 poisoned darts (quivered)
Armour
 r - a +0 plate armour (worn)
 u - a +2 pair of gloves (worn)
 z - a +0 cloak (worn)
 D - a +0 helmet (worn)
 M - +0 acid dragon scales
Jewellery
 p - an uncursed ring of ice
 y - a ring of protection from magic (right hand)
 F - an amulet of the acrobat (around neck)
 J - a +4 ring of evasion (left hand)
Wands
 t - a wand of iceblast (20)
 x - a wand of clouds (2)
 C - a wand of paralysis (2)
 Q - a wand of digging (1)
 S - a wand of flame (22)
Scrolls
 b - 2 scrolls of enchant armour {unknown}
 d - 6 scrolls of remove curse
 h - 11 scrolls of teleportation
 i - 3 scrolls of random uselessness {unknown}
 l - 4 scrolls of fear
 m - 3 scrolls of noise {unknown}
 q - 3 scrolls of fog {unknown}
 G - 2 scrolls of immolation {unknown}
 L - 3 scrolls of enchant weapon {unknown}
 N - 6 scrolls of identify
 R - a scroll of holy word {unknown}
 T - a scroll of magic mapping {unknown}
 U - 2 scrolls of blinking
Potions
 e - 3 potions of flight
 f - 2 potions of cancellation
 g - 4 potions of might
 k - 3 potions of haste
 v - 4 potions of mutation
 w - a potion of ambrosia
 A - 4 potions of curing
 B - 4 potions of heal wounds
 E - a potion of magic
 H - a potion of stabbing
 K - 4 potions of brilliance
 P - 2 potions of lignification
Comestibles
 c - 27 rations
 I - 4 chunks of flesh


   Skills:
 + Level 5.9(5.3) Fighting
 * Level 18.4(17.6) Axes
 + Level 3.8(3.3) Throwing
 + Level 4.9(4.4) Armour
 + Level 4.0(3.5) Dodging
 - Level 1.5(1.0) Spellcasting
 - Level 2.6(2.1) Charms
 + Level 2.8(2.3) Translocations
 * Level 8.3(7.7) Invocations


You had 10 spell levels left.
You knew the following spells:

 Your Spells              Type           Power        Failure   Level  Hunger
a - Apportation           Tloc           #.....       97%         1    ##.....
b - Infusion              Chrm           #...         98%         1    ##.....
e - Blink                 Tloc           N/A          99%         2    ###....

Your spell library contained the following spells:

 Spells                   Type           Power        Failure   Level  Hunger
 Shroud of Golubria       Chrm/Tloc      #.....       99%         2    ###....
 Song of Slaying          Chrm           #.......     99%         2    ###....
 Animate Skeleton         Necr           N/A          100%        1    ##.....
 Beastly Appendage        Tmut           #.....       100%        1    ##.....
 Corona                   Hex            #......      100%        1    ##.....
 Magic Dart               Conj           #...         100%        1    ##.....
 Summon Small Mammal      Summ           #...         100%        1    ##.....
 Call Imp                 Summ           #.......     100%        2    ###....
 Slow                     Hex            #.......     100%        2    ###....
 Sticks to Snakes         Tmut           #.......     100%        2    ###....
 Conjure Flame            Conj/Fire      #.......     100%        3    ####...
 Mephitic Cloud           Conj/Pois/Air  #.......     100%        3    ####...
 Ozocubu's Armour         Chrm/Ice       #.......     100%        3    ####...
 Spectral Weapon          Hex/Chrm       #.......     100%        3    ####...
 Spider Form              Tmut/Pois      #.........   100%        3    ####...
 Ice Form                 Ice/Tmut       #.......     100%        4    #####..
 Blade Hands              Tmut           #.........   100%        5    ######.


Dungeon Overview and Level Annotations

Branches:
Dungeon (11/15)            Temple (0/1) D:7            Lair (0/6) D:10
    Orc (1/2) D:11        Ossuary (visited)

Altars:
Elyvilon
Hepliaklqana
Okawaru
Qazlal
Uskayaw
Vehumet
Wu Jian
Xom

Shops:
D:6 %   D:7 [[%   D:11 ?

Portals:
Trove: D:10 (give +3 gold dragon scales)

Annotations:
D:7 1 runed translucent door, HungrySpirit's ghost, novice GnAs


Message History

You hit the orc priest but do no damage.
The orc sorcerer points at you and mumbles some strange words.
You suddenly lose the ability to move!
Your orc warrior hits the hellwing with a +0 short sword!
The hellwing hits you!
* * * LOW HITPOINT WARNING * * *
The hellwing hits you but does no damage.
Your orc hits the orc sorcerer with a +0 whip.
The orc priest hits you but does no damage.
Your orc knight closely misses the orc warrior.
Something completely misses you.
The orange demon closely misses your orc knight.
The orange demon hits your orc knight.
Your orc knight looks weaker.
The orc warrior hits you from afar with a +0 halberd.
* * * LOW HITPOINT WARNING * * *
The orc sorcerer gestures at you while chanting.
The bolt of negative energy hits you!!
You feel drained.
You die...
Beogh appreciates the orc sorcerer's killing of a heretic priest.

## #$...###..#..)..#
$.# #...##...##.....
.... #..#..###.#...#
....# ###.....######..#
.....#
#.......#<##.....
#....##...............#
#.....#).........).##.#
#...o4)####.......###
##o)@$..# ##...####
#.ooo.## ##..##
#.oooo....# #...#
#.o.#4#...# ##.##
.....###...# ### ......
##.... ...... .....
).... ...##


You could see an orange demon (summoned), a hellwing (summoned), an orc
sorcerer, 2 orc warriors, an orc priest, 3 orcs, a friendly orc knight (weak), a
friendly orc warrior (strong) and a friendly orc (strong).

Vanquished Creatures
  Harold (D:10)
  A two-headed ogre (D:9)
  Urug (D:10)
  An unseen horror (D:11)
  Pikel (D:9)
  2 cyclopes (D:11)
  A gargoyle (D:9)
  Maggie (D:7)
  A hornet (D:8)
  2 hippogriffs
  A vampire (D:11)
  A wraith (D:11)
  Eustachio (D:5)
  4 hogs (D:9)
  A human (D:9)
  Menkaure (D:5)
  Edmund (D:5)
  5 sky beasts
  3 porcupines (D:10)
  6 orc warriors
  2 ice beasts (D:7)
  A black bear (D:10)
  A hornet zombie (Ossuary)
  2 phantoms
  8 ogres
  A necrophage (D:8)
  5 centaurs
  3 big kobolds
  Blork the orc (D:6)
  5 bullfrogs
  A wyvern zombie (D:11)
  A scorpion (D:11)
  3 killer bees (D:9)
  14 wights
  A howler monkey (D:7)
  An electric eel (D:10)
  7 crimson imps
  5 bullfrog zombies
  A centaur zombie (Ossuary)
  3 orc priests
  5 jellies
  3 centaur skeletons
  5 hounds
  6 orc wizards
  10 iguanas
  7 worker ants
  2 hound zombies
  A hound skeleton (D:6)
  19 mummies (Ossuary)
  A howler monkey zombie (Ossuary)
  3 worker ant zombies
  4 gnolls (D:4)
  18 adders
  3 shadow imps
  3 adder zombies (Ossuary)
  An adder skeleton (D:7)
  4 worms
  5 dart slugs
  5 leopard geckos
  47 orcs
  7 bats
  9 giant cockroaches
  8 goblins
  9 hobgoblins
  4 jackals (D:2)
  19 kobolds
  5 quokkas
  A ball python (D:1)
  2 frilled lizards
  A giant cockroach zombie (Ossuary)
  A leopard gecko skeleton (D:7)
  A quokka zombie (Ossuary)
  10 rats
  4 fungi (D:10)
  A plant (D:10)
336 creatures vanquished.

Vanquished Creatures (collateral kills)
  A cyclops (D:11)
  A warg (Orc:1)
  An orc warrior (Orc:1)
  An ice beast (D:11)
  An ogre (Orc:1)
  A phantom (D:11)
  A centaur (D:11)
  A wight (D:11)
  An orc wizard (Orc:1)
  3 orcs
12 creatures vanquished.

Vanquished Creatures (others)
  3 slaves (D:9)
  A killer bee (D:9)
  2 orc wizards
  3 orcs
  2 kobolds (D:9)
  A fungus (D:10)
  2 withered plants (Ossuary)
14 creatures vanquished.

Grand Total: 362 creatures vanquished

Notes
Turn   | Place    | Note
-------+----------+-------------------------------------------
     0 | D:1      | mopl the Hill Orc Skald began the quest for the Orb.
     0 | D:1      | Reached XP level 1. HP: 18/18 MP: 3/3
     9 | D:1      | Reached skill level 3 in Axes
   227 | D:1      | Reached XP level 2. HP: 23/25 MP: 4/4
   341 | D:1      | You fall into a shaft and drop 1 floor!
   346 | D:2      | Reached skill level 4 in Axes
   378 | D:2      | Reached XP level 3. HP: 21/30 MP: 5/5
   726 | D:1      | Got an ancient scale mail
   737 | D:1      | Identified the cursed +1 scale mail of the Hurricane {rF-
                  | Dex+4} (You found it on level 1 of the Dungeon)
   947 | D:1      | Reached skill level 5 in Axes
  1382 | D:2      | Reached XP level 4. HP: 19/37 MP: 6/6
  1952 | D:2      | Reached skill level 6 in Axes
  2347 | D:3      | Reached XP level 5. HP: 42/42 MP: 7/7
  2568 | D:3      | Reached skill level 7 in Axes
  3232 | D:4      | Reached skill level 8 in Axes
  3245 | D:4      | Reached XP level 6. HP: 45/50 MP: 7/8
  3530 | D:4      | Noticed a phantom
  3575 | D:4      | Killed a phantom
  3575 | D:4      | Reached skill level 9 in Axes
  3784 | D:4      | Reached XP level 7. HP: 18/56 MP: 9/9
  4102 | D:4      | Found a hazy altar of Hepliaklqana.
  4194 | D:4      | Reached skill level 10 in Axes
  4318 | D:4      | Found an iron altar of Okawaru.
  4318 | D:4      | Found a radiant altar of Vehumet.
  4394 | D:4      | Became a worshipper of Vehumet
  4395 | D:4      | Fell from the grace of Vehumet
  4419 | D:5      | Entered Level 5 of the Dungeon
  4419 | D:5      | Noticed Menkaure
  4423 | D:5      | Killed Menkaure
  4444 | D:5      | Reached skill level 11 in Axes
  4630 | D:5      | Noticed Edmund
  5064 | D:5      | Reached XP level 8. HP: 42/62 MP: 10/10
  5308 | D:5      | Killed Edmund
  5308 | D:5      | Reached skill level 12 in Axes
  5340 | D:5      | Noticed Eustachio
  5375 | D:5      | Killed Eustachio
  5615 | D:5      | Found an ornate altar of the Wu Jian Council.
  5736 | D:5      | Learned a level 2 spell: Blink
  6073 | D:6      | Reached skill level 13 in Axes
  6225 | D:6      | Found a stormy altar of Qazlal.
  6363 | D:6      | Found Pasiqi's Food Shop.
  6382 | D:6      | Reached skill level 14 in Axes
  6382 | D:6      | Reached XP level 9. HP: 28/68 MP: 11/11
  6461 | D:6      | Found a sand-covered staircase.
  6470 | Ossuary  | Entered an ossuary
  7048 | Ossuary  | Reached skill level 15 in Axes
  7380 | Ossuary  | Was forgiven by Vehumet
  7968 | D:6      | Noticed Blork the orc
  7978 | D:6      | Killed Blork the orc
  8162 | D:7      | Found Eripsu Wycs's Antique Armour Shop.
  8192 | D:7      | Noticed Maggie
  8206 | D:7      | Killed Maggie
  8206 | D:7      | Reached skill level 16 in Axes
  8386 | D:7      | Found Cabo's Armour Shoppe.
  8532 | D:7      | Reached XP level 10. HP: 64/74 MP: 12/12
  8538 | D:7      | Found a staircase to the Ecumenical Temple.
  8593 | D:7      | Found a stormy altar of Qazlal.
  8595 | D:7      | Became a worshipper of Beogh the Brigand
  8599 | D:7      | Found a white marble altar of Elyvilon.
  8600 | D:7      | Found a hide-covered altar of Uskayaw.
  8738 | D:7      | Found a runed translucent door.
  8738 | D:7      | Found a shimmering altar of Xom.
  8738 | D:7      | Noticed a +0 war axe of chaos
  8738 | D:7      | Noticed HungrySpirit's ghost (novice GnAs)
  8838 | D:7      | Found Watse's Food Shoppe.
  9005 | D:8      | Reached skill level 17 in Axes
  9005 | D:8      | Reached skill level 1 in Invocations
  9044 | D:8      | You fall into a shaft and drop 3 floors!
  9359 | D:11     | Reached * piety under Beogh
  9374 | D:11     | Reached skill level 1 in Throwing
  9404 | D:11     | Noticed a cyclops
  9406 | D:10     | Entered Level 10 of the Dungeon
  9406 | D:10     | Noticed Urug
 10212 | D:9      | Paralysed by a hornet for 3 turns
 10550 | D:9      | Learned a level 1 spell: Apportation
 10561 | D:9      | Noticed Pikel
 10569 | D:9      | Killed Pikel
 10569 | D:9      | Reached ** piety under Beogh
 10643 | D:9      | Reached skill level 5 in Invocations
 10715 | D:9      | Noticed a gargoyle
 10720 | D:9      | Killed a gargoyle
 10720 | D:9      | Reached XP level 11. HP: 70/84 MP: 14/14
 10734 | D:9      | Reached skill level 1 in Translocations
 11018 | D:9      | Noticed a two-headed ogre
 11025 | D:9      | Killed a two-headed ogre
 11220 | D:10     | Killed Urug
 11242 | D:10     | Noticed Harold
 11265 | D:10     | Killed Harold
 11265 | D:10     | Reached skill level 5 in Fighting
 11296 | D:10     | Reached skill level 18 in Axes
 11325 | D:10     | Reached *** piety under Beogh
 11585 | D:10     | Found a staircase to the Lair.
 11951 | D:10     | Found a portal to a secret trove of treasure.
 12095 | D:11     | Noticed a cyclops
 12104 | D:11     | Killed a cyclops
 12480 | D:11     | Noticed a cyclops
 12492 | D:11     | Killed a cyclops
 12520 | D:11     | Killed a cyclops
 12581 | D:11     | Reached XP level 12. HP: 83/95 MP: 16/18
 12615 | D:11     | Found Toqasato's Magic Scroll Shoppe.
 12621 | D:11     | Bought a scroll of blinking for 105 gold pieces
 12621 | D:11     | Bought a scroll of fear for 49 gold pieces
 12621 | D:11     | Bought a scroll of amnesia for 49 gold pieces
 12621 | D:11     | Bought a scroll of teleportation for 42 gold pieces
 12621 | D:11     | Bought a scroll of blinking for 105 gold pieces
 12621 | D:11     | Bought a scroll of identify for 28 gold pieces
 12621 | D:11     | Bought a scroll of identify for 28 gold pieces
 12621 | D:11     | Bought 2 scrolls of identify for 56 gold pieces
 12775 | D:11     | Found a staircase to the Orcish Mines.
 12869 | Orc:1    | Entered Level 1 of the Orcish Mines
 12934 | Orc:1    | Paralysed by an orc sorcerer for 7 turns
 12935 | Orc:1    | Killed from afar by an orc sorcerer

Illustrated notes

Levels and vault maps discovered:
D:1:      minmay_arrival_arboretum_small, layout_basic,
          minmay_misc_feat_encased, nrook_loot_triangle
D:2:      layout_basic, minmay_pentomino_pile
D:3:      layout_basic, minmay_misc_feat_plants
D:4:      layout_rooms, lemuel_doored_altar, gammafunk_temple_overflow_elements,
          serial_corexii_hall, chequers_hall_statues_wall_a,
          corexii_hall_statues_deadend, chequers_hall_statues_y,
          corexii_hall_statues_i
D:5:      layout_cave_pools, marbit_many_paths, first_ration,
          minmay_joined_circles, uniq_eustachio, uniq_menkaure, uniq_edmund
D:6:      layout_loops_ring, enter_ossuary_1, serial_shops,
          nicolae_shop_crystal, nicolae_qazlal_eye_of_the_storm,
          uniq_blork_the_orc
D:7:      layout_loops_ring, minitemple, minmay_temple_entry_ruins,
          serial_shops, shop, shop, nicolae_shop_stone, ebering_ghost_xom,
          uniq_maggie
D:8:      layout_basic
D:9:      layout_cave_pools, grunt_livestock, uniq_pikel
D:10:     layout_basic, grunt_lair_entry_orc_guard_hut, trove_entry_hex_spiral,
          uniq_harold, uniq_urug
D:11:     layout_cave_pools, hiddenorc1_lemuel, serial_shops,
          nicolae_shop_competitors_out_of_business,
          hangedman_abyss_or_decor_passed
Orc:1:    layout_diamond_mine, bloody_trog

Skill      XL: |  1  2  3  4  5  6  7  8  9 10 11 12 |
---------------+-------------------------------------+-----
Axes           | 3 4 5 6 8 9 11 14 16 17 18 | 18.4
Invocations    | 5 8 |  8.3
Fighting       | 4 5 |  5.9
Throwing       | 2 3 |  3.8
Dodging        | 2 3 4 |  4.0
Armour         | 3 4 |  4.9
Translocations | 2 |  2.8
Spellcasting   | |  1.5
Charms         | |  2.6

Action                   |  1- 3 |  4- 6 |  7- 9 | 10-12 || total
-------------------------+-------+-------+-------+-------++-------
Melee: Hand axe          |   112 |   209 |     9 |       ||   330
       War axe           |       |       |   508 |   128 ||   636
       Battleaxe         |       |       |       |   336 ||   336
Throw: Dart              |       |     3 |    16 |     8 ||    27
       Boomerang         |       |       |     3 |       ||     3
Invok: Renounce Religion |       |       |     1 |       ||     1
       Convert to Beogh  |       |       |       |     1 ||     1
Evoke: Wand              |       |       |     5 |     1 ||     6
  Use: Scroll            |     4 |       |    12 |     1 ||    17
       Potion            |       |       |     2 |     2 ||     4
 Stab: Paralysed         |       |       |    15 |       ||    15
       Distracted        |       |       |       |     1 ||     1
  Eat: Chunk             |     2 |     7 |    12 |    15 ||    36
       Ration            |       |       |     1 |       ||     1
Armor: Leather armour    |    20 |    16 |       |       ||    36
       Chain mail        |       |    49 |   217 |    28 ||   294
       Ring mail         |       |     9 |       |       ||     9
       Acid dragon scale |       |       |    11 |     8 ||    19
       Plate armour      |       |       |       |   179 ||   179
Dodge: Dodged            |    67 |    80 |   181 |   268 ||   596
